 Dungeon Crawl Stone Soup version 0.29.1-12-g30fa7ad0bf (webtiles) character file.

Game seed: 7176399836608614621

125 fantasyman the Trooper (level 5, -1/46 HPs)
             Began as a Formicid Fighter on Jan 4, 2023.
             Slain by a gnoll
             ... wielding a +0 club
              (8 damage)
             ... on level 3 of the Dungeon.
             The game lasted 00:02:25 (2349 turns).

fantasyman the Trooper (Formicid Fighter)           Turns: 2349, Time: 00:02:25

Health: -1/46      AC:  7    Str: 23    XL:     5   Next: 30%
Magic:  5/5        EV:  9    Int:  7    God:
Gold:   117        SH:  5    Dex: 13    Spells: 4/4 levels left

rFire   . . .      SeeInvis +   a - +0 war axe
rCold   . . .      Faith    .   c - +0 buckler
rNeg    . . .      Spirit   .   b - +0 scale mail
rPois   .          Reflect  .   (helmet unavailable)
rElec   .          Harm     .   (no cloak)
rCorr   .          Rampage  .   (no gloves)
Will    .....                   (no boots)
Stlth   ..........              (no amulet)
HPRegen 0.15/turn               (no ring)
MPRegen 0.09/turn               (no ring)

@: no status effects
A: permanent stasis, dig shafts and tunnels, antennae 3, four strong arms
a: Dig, Shaft Self


You were on level 3 of the Dungeon.
You visited 1 branch of the dungeon, and saw 3 of its levels.

You collected 117 gold pieces.

Inventory:

Hand Weapons
 a - a +0 war axe (weapon)
Armour
 b - a +0 scale mail (worn)
 c - a +0 buckler (worn)
Scrolls
 e - 2 scrolls of identify {unknown}
 h - 5 scrolls of teleportation {unknown}
 i - a scroll of butterflies {unknown}
 k - a scroll of immolation {unknown}
 n - a scroll of magic mapping {unknown}
Potions
 d - a potion of might
 f - 2 potions of lignification {unknown}
 g - a potion of mutation {unknown}
 j - 2 potions of flight {unknown}
 l - 3 potions of curing {unknown}
 m - a potion of magic {unknown}
 o - a potion of berserk rage


   Skills:
 + Level 5.8 Fighting
 - Level 2.0 Axes
 - Level 3.7 Armour
 - Level 4.1 Shields


You had 4 spell levels left.
You didn't know any spells.
Your spell library contained the following spells:

 Spells                   Type           Power      Damage    Failure   Level
 Conjure Ball Lightning   Conj/Air       0%         3x3d6     100%        6
 Discord                  Hex            0%         N/A       100%        8
 Disjunction              Tloc           0%         N/A       100%        8


Dungeon Overview and Level Annotations

Branches:
Dungeon (3/15)

Altars:
Okawaru
Trog

Shops:
D:3 (


Innate Abilities, Weirdness & Mutations

You cannot be hasted, slowed, berserked, paralysed or teleported.
You can dig through walls and to a lower floor.
You have a pair of large antennae on your head. (SInv)
Your four strong arms can wield two-handed weapons with a shield.


Message History

No target in view!
No target in view!
There is an escape hatch in the ceiling here.
You open the door.
A gnoll comes into view. It is wielding a +0 club.
The gnoll shouts!
Found a scroll labelled QESONU XEKOINN and a scroll labelled POISTR MUAG.
Found an iron altar of Okawaru and a bloodstained altar of Trog.
There is an open door here.
The gnoll drinks a potion.
The gnoll goes berserk!
A gnoll is nearby!
You block the gnoll's attack. The gnoll hits you with a +0 club.
You barely miss the gnoll. The gnoll hits you with a +0 club!
The gnoll hits you with a +0 club.
You closely miss the gnoll. The gnoll barely misses you.
The gnoll hits you with a +0 club!
You are too injured to fight recklessly!
You are too injured to fight recklessly!
You are too injured to fight recklessly!
You are too injured to fight recklessly!
You are too injured to fight recklessly!
You are too injured to fight recklessly!
You hit the gnoll.
The gnoll is moderately wounded.
The gnoll hits you with a +0 club. You block the gnoll's attack.
You hit the gnoll.
The gnoll is heavily wounded.
The gnoll hits you with a +0 club. The gnoll closely misses you.
You closely miss the gnoll.
The gnoll is heavily wounded.
The gnoll hits you but does no damage. The gnoll hits you with a +0 club!
* * * LOW HITPOINT WARNING * * *
The gnoll completely misses you.
You closely miss the gnoll.
The gnoll is heavily wounded.
The gnoll barely misses you. The gnoll hits you but does no damage.
You barely miss the gnoll.
The gnoll is heavily wounded.
The gnoll closely misses you. The gnoll hits you with a +0 club!
You die...

#.#####.#####.#...#.#.###
#.# .#.......)........
#.# #.###.#.#.#.##### #†#
##.# #.#..........
#.######..# #.#......##.#
#(.....<..# #.##.###.##.#
#.######'## #.##.###.##.#
#.# #..?# #.##.##.....#
... #?@.# #.##.########
### #.g.# #.##. { #...#
#.### #...# #.# #_._# #)#
#####


You could see a gnoll (berserk).

Vanquished Creatures
  Robin (D:2)
  3 adders (D:2)
  4 worms
  A dart slug (D:2)
  An orc (D:3)
  5 endoplasms
  6 giant cockroaches
  8 hobgoblins
  5 jackals (D:2)
  2 quokkas
  3 ball pythons
  8 bats
  2 frilled lizards (D:1)
  9 goblins
  8 kobolds
  4 rats
70 creatures vanquished.

Notes
Turn   | Place    | Note
-------+----------+-------------------------------------------
     0 | D:1      | fantasyman the Formicid Fighter began the quest for the
                  | Orb.
     0 | D:1      | Reached XP level 1. HP: 18/18 MP: 1/1
   346 | D:1      | Reached XP level 2. HP: 24/24 MP: 2/2
   732 | D:1      | Reached XP level 3. HP: 30/30 MP: 3/3
   744 | D:1      | Reached skill level 4 in Fighting
  1341 | D:2      | Reached XP level 4. HP: 36/38 MP: 4/4
  1379 | D:2      | Reached skill level 5 in Fighting
  1478 | D:2      | Noticed Robin
  1487 | D:2      | Killed Robin
  1934 | D:2      | Reached XP level 5. HP: 41/44 MP: 5/5
  2136 | D:3      | Found a faded altar of an unknown god.
  2136 | D:3      | Found Meitaeli's Antique Weapon Shoppe.
  2339 | D:3      | Found an iron altar of Okawaru.
  2339 | D:3      | Found a bloodstained altar of Trog.
  2349 | D:3      | Slain by a gnoll

Illustrated notes

Levels and vault maps discovered:
D:1:      psy_arrival_fountain, layout_loops_corners, corexii_corridor_pit
D:2:      layout_loops_ring, kennysheep_generic_room_5, uniq_robin
D:3:      layout_basic, grunt_temple_overflow_bloody_war,
          nicolae_overflow_crystal_walls, nicolae_ecumenical_oubliette,
          hellmonk_ghost_happy_afterlife, serial_shops, shop,
          kennysheep_generic_room_15

Skill      XL: |  1  2  3  4 |
---------------+-------------+-----
Fighting       | 4 5 |  5.8
Axes           | |  2.0
Armour         | |  3.7
Shields        | |  4.1

Action                   |  1- 3 |  4- 6 || total
-------------------------+-------+-------++-------
Melee: War axe           |    85 |    89 ||   174
  Use: Potion            |       |     1 ||     1
Armor: Scale mail        |    29 |    51 ||    80
Dodge: Dodged            |    36 |    50 ||    86
Block: Buckler           |    15 |    20 ||    35
